 Dungeon Crawl Stone Soup version 0.15-a0-1472-ge546950 (webtiles) character file.

6241 PolkaDot the Bewitcher (level 10, -2/63 HPs)
             Began as a Vampire Enchanter on June 12, 2014.
             Was a Follower of Ashenzari.
             Slain by a killer bee (9 damage)
             ... on Level 9 of the Dungeon on June 13, 2014.
             The game lasted 00:46:49 (9719 turns).

PolkaDot the Bewitcher (Vampire Enchanter)          Turns: 9719, Time: 00:46:51

HP  -2/63        AC  5     Str  7      XL: 10   Next: 62%
MP   0/25        EV 12     Int 20      God: Ashenzari [*.....]
Gold 346         SH  0     Dex 14      Spells:  5 memorised,  0 levels left

rFire  . . .     SeeInvis +     a - +1 dagger (curse)
rCold  + + .     Clarity  .     b - +1 robe (curse)
rNeg   + + +     rCorr    +     (no shield)
rPois  +         rRot     +     B - +0 hat (curse)
rElec  .         Spirit   .     (no cloak)
SustAb .         Warding  .     n - +0 pair of gloves (curse)
rMut   .         Stasis   .     k - +0 pair of boots (curse)
Gourm  .                        j - amulet of resist corrosion
MR     +....                    d - ring of magical power
                                m - ring of stealth

@: bloodless, non-regenerating, somewhat resistant to hostile enchantments,
extraordinarily stealthy
A: bottle blood, fangs 3, see invisible, unbreathing
a: Bat Form, Bottle Blood, Renounce Religion


You were on level 9 of the Dungeon.
You worshipped Ashenzari.
Ashenzari was aware of your devotion.
You were bloodless.

You visited 2 branches of the dungeon, and saw 10 of its levels.

You collected 431 gold pieces.
You spent 85 gold pieces at shops.

Inventory:

Hand weapons
 a - a cursed +1,+1 dagger (weapon)
Armour
 b - a cursed +1 robe (worn)
 k - a cursed +0 pair of boots (worn)
 n - a cursed +0 pair of gloves (worn)
 B - a cursed +0 hat (worn)
Magical devices
 e - a wand of draining (4)
 v - a wand of slowing (8)
 z - a wand of polymorph (5)
Scrolls
 g - a scroll of enchant weapon III {unknown}
 i - a scroll of immolation
 l - 2 scrolls of blinking
 o - a scroll of identify
 p - a scroll of curse weapon
 r - a scroll of enchant weapon II {unknown}
 s - a scroll of random uselessness {unknown}
 x - a scroll of fog {unknown}
 y - a scroll of remove curse
Jewellery
 d - a ring of magical power (right hand)
 j - an amulet of resist corrosion (around neck)
 m - a ring of stealth (left hand)
Potions
 f - a potion of agility
 q - 2 potions of curing
 u - a potion of resistance
 w - a potion of paralysis {unknown}
 A - a potion of restore abilities
Books
 c - a book of Maledictions

   Spells                             Type                      Level
   *Corona                            Hexes                        1
   Sure Blade                         Hexes/Charms                 2
   *Ensorcelled Hibernation           Hexes/Ice                    2
   *Confuse                           Hexes                        3
   *Dazzling Spray                    Conjuration/Hexes            3
   *Enslavement                       Hexes                        4
 h - a book of Hinderance

   Spells                             Type                      Level
   Confusing Touch                    Hexes                        2
   *Confuse                           Hexes                        3
   Petrify                            Transmutation/Earth          4
   Leda's Liquefaction                Hexes/Earth                  4
   Metabolic Englaciation             Hexes/Ice                    5
   Summon Mana Viper                  Hexes/Summoning              5


   Skills:
 + Level 8.7 Short Blades
 - Level 2.1 Dodging
 + Level 12.8 Stealth
 - Level 2.0 Spellcasting
 * Level 15.7 Hexes
 - Level 1.0 Ice Magic


You couldn't memorise any spells.
You knew the following spells:

 Your Spells              Type           Power        Failure   Level  Hunger
a - Corona                Hex            ######.      1%          1    #......
c - Confuse               Hex            ######..     1%          3    ###....
d - Ensorcelled Hibernat  Hex/Ice        #####.       1%          2    ##.....
e - Enslavement           Hex            ######..     1%          4    #####..
s - Dazzling Spray        Conj/Hex       ####....     1%          3    ###....


Dungeon Overview and Level Annotations

Branches:
Dungeon (9/15)             Temple (1/1) D:7
    Orc: D:9-12        Lair: D:8-11

Altars:
Ashenzari
Cheibriados
Dithmenos
Elyvilon
Fedhas
Gozag
Kikubaaqudgha
Makhleb
Nemelex Xobeh
Okawaru
Qazlal
Sif Muna
Trog
Vehumet
Xom
Yredelemnul
Zin
The Shining One

Shops:
D:4 *

Annotations:
D:8 exclusion: orange crystal statue


Innate Abilities, Weirdness & Mutations

You do not heal naturally.
You can bottle blood from corpses.
You have razor-sharp teeth.*
You have supernaturally acute eyesight.
You can survive without breathing.*


Message History

The killer bee poisons your killer bee! The killer bee stings you!
The quokka closely misses your killer bee.
Casting: Enslavement
Confirm with . or Enter, or press ? or * to list all spells.
Aiming: Ensorcelled Hibernation
Press: ? - help, Shift-Dir - straight line, f - killer bee, p - killer bee
Aim: a killer bee The killer bee struggles to resist.
* * * LOW MAGIC WARNING * * *
The killer bee stings your killer bee.
The centaur shoots an arrow.
The arrow closely misses your killer bee.
The arrow hits you!
* * * LOW HITPOINT WARNING * * *
The killer bee stings you but does no damage.
The killer bee stings your killer bee!
Your killer bee is killed!
The quokka closely misses your killer bee.
The centaur shoots an arrow.
The arrow barely misses you. The killer bee stings you!
You die...

........................#..
...........#............#.#
...........................#
.....#..#..................
..# ##.###................
#..##(.........)......
#$..#................#
#####..............##...#
#.......@y...............
.......y%y...............
#........cyr..$...........
#.#.....................
......................
.......##...........
###.###........... ##
#.......# ...


You could see a centaur, 2 killer bees, a quokka and 2 friendly killer bees.

Vanquished Creatures
  A centaur warrior (D:9)
  An unseen horror (D:8)
  Prince Ribbit (D:5)
  2 two-headed ogres (D:8)
  3 ugly things (D:7)
  A hungry ghost (D:8)
  Eustachio (D:6)
  2 wyverns
  Edmund (D:9)
  The ghost of cosh the Sneak, an average KoEn (D:4)
  A water moccasin (D:8)
  An orc warrior (D:8)
  A black bear (D:7)
  2 phantoms
  6 ogres
  A sky beast (D:8)
  4 centaurs
  Blork the orc (D:7)
  5 giant frogs
  A gnoll sergeant (D:8)
  A wyvern skeleton (D:9)
  2 scorpions
  2 killer bees (D:9)
  4 wights (D:8)
  3 crimson imps
  4 hounds
  A goliath beetle (D:6)
  An iguana (D:8)
  A gnoll shaman (D:6)
  3 orc priests
  A centaur skeleton (D:8)
  A jelly (D:9)
  13 orc wizards
  4 worker ants
  An ogre skeleton (D:5)
  9 adders
  20 gnolls
  An orc zombie (D:7)
  A scorpion zombie (D:8)
  4 giant mites
  2 shadow imps
  5 giant geckos
  20 orcs
  3 ball pythons
  6 giant cockroaches
  13 goblins
  16 hobgoblins
  5 quokkas
  15 bats
  3 giant newts
  A gnoll skeleton (D:6)
  A goblin zombie (D:5)
  19 jackals
  20 kobolds
  A kobold zombie (D:6)
  17 rats
  5 ballistomycetes
266 creatures vanquished.

Vanquished Creatures (collateral kills)
  A wight (D:8)
  An orc wizard (D:6)
  4 gnolls (D:8)
  An adder (D:8)
  2 orcs (D:6)
  A hobgoblin (D:6)
  A giant spore (D:6)
  A ballistomycete (D:6)
12 creatures vanquished.

Vanquished Creatures (others)
  2 giant spores
2 creatures vanquished.

Grand Total: 280 creatures vanquished

Notes
Turn   | Place    | Note
--------------------------------------------------------------
     0 | D:1      | PolkaDot, the Vampire Enchanter, began the quest for the Orb.
     0 | D:1      | Reached XP level 1. HP: 13/13 MP: 3/3
   249 | D:1      | Reached skill level 5 in Hexes
   249 | D:1      | Reached XP level 2. HP: 17/19 MP: 2/4
   307 | D:1      | Learned a level 2 spell: Ensorcelled Hibernation
  1161 | D:1      | Reached XP level 3. HP: 24/24 MP: 3/6
  1213 | D:2      | Found a sparkling altar of Nemelex Xobeh.
  1267 | D:2      | Reached skill level 5 in Stealth
  1329 | D:2      | Found a radiant altar of Vehumet.
  1573 | D:2      | Reached skill level 6 in Hexes
  1573 | D:2      | Reached skill level 1 in Ice Magic
  1578 | D:2      | Learned a level 3 spell: Confuse
  1593 | D:2      | Reached XP level 4. HP: 18/30 MP: 2/7
  2020 | D:2      | Found a basalt altar of Yredelemnul.
  2020 | D:2      | Found a bloodstained altar of Trog.
  2363 | D:3      | Found a burning altar of Makhleb.
  2387 | D:3      | Reached XP level 5. HP: 19/35 MP: 1/9
  3105 | D:3      | Reached skill level 7 in Hexes
  3484 | D:4      | Found a blossoming altar of Fedhas.
  3487 | D:4      | Found a white marble altar of Elyvilon.
  3528 | D:4      | Noticed cosh's ghost (average KoEn)
  3730 | D:4      | Found a snail-covered altar of Cheibriados.
  3817 | D:4      | Found a stormy altar of Qazlal.
  3821 | D:4      | Noticed a fire elemental
  3822 | D:4      | Noticed an air elemental
  3822 | D:4      | Noticed a water elemental
  4036 | D:4      | Found Ghyohor's Assorted Antiques.
  4171 | D:4      | Killed cosh's ghost
  4171 | D:4      | Reached XP level 6. HP: 24/41 MP: 5/10
  4213 | D:4      | Bought an ivory ring for 85 gold pieces
  4384 | D:4      | Reached skill level 8 in Hexes
  4730 | D:5      | Entered Level 5 of the Dungeon
  4765 | D:5      | Reached XP level 7. HP: 32/46 MP: 2/12
  4769 | D:5      | Got an ichor-stained robe
  4869 | D:5      | Identified the -2 robe of Noon {+Rage MR+ SInv} (You found it on level 5 of the Dungeon)
  4961 | D:5      | Reached skill level 9 in Hexes
  5162 | D:4      | Learned a level 4 spell: Enslavement
  5518 | D:5      | Noticed Prince Ribbit
  5526 | D:5      | Killed Prince Ribbit
  5526 | D:5      | Reached skill level 10 in Hexes
  5526 | D:5      | Reached XP level 8. HP: 52/52 MP: 13/13
  5629 | D:5      | Reached skill level 5 in Short Blades
  5844 | D:6      | Upgraded the game from 0.15-a0-1439-g2e54579 to 0.15-a0-1472-ge546950
  5900 | D:6      | Reached skill level 11 in Hexes
  6061 | D:6      | Found a glowing golden altar of the Shining One.
  6284 | D:6      | Noticed Eustachio
  6438 | D:6      | Killed Eustachio
  6438 | D:6      | Reached skill level 10 in Stealth
  6438 | D:6      | Reached skill level 12 in Hexes
  6656 | D:6      | Reached XP level 9. HP: 57/57 MP: 14/14
  6886 | D:7      | Found a staircase to the Ecumenical Temple.
  6957 | Temple   | Entered the Ecumenical Temple
  7076 | Temple   | Became a worshipper of Ashenzari the Shackled
  7368 | D:7      | Reached skill level 13 in Hexes
  7718 | D:7      | Noticed Blork the orc
  7720 | D:7      | Killed Blork the orc
  7989 | D:8      | Reached skill level 14 in Hexes
  8258 | D:8      | Noticed an unseen horror
  8272 | D:8      | Killed an unseen horror
  8272 | D:8      | Reached XP level 10. HP: 44/63 MP: 16/16
  8696 | D:8      | Found an ancient bone altar of Kikubaaqudgha.
  8804 | D:8      | Noticed an orange crystal statue
  8861 | D:8      | Reached skill level 15 in Hexes
  9327 | D:9      | Noticed Edmund
  9335 | D:9      | Killed Edmund
  9508 | D:9      | Noticed a centaur warrior
  9516 | D:9      | Killed a centaur warrior
  9573 | D:9      | Learned a level 3 spell: Dazzling Spray
  9719 | D:9      | Slain by a killer bee

Action                   |  1- 3 |  4- 6 |  7- 9 | 10-12 || total
-------------------------+-------+-------+-------+-------++-------
Melee: Dagger            |    97 |   140 |   308 |    49 ||   594
 Cast: Corona            |     8 |     1 |       |     1 ||    10
       Ensorcelled Hiber |    22 |    59 |   115 |    31 ||   227
       Confuse           |       |     8 |    16 |     4 ||    28
       Enslavement       |       |       |     6 |     9 ||    15
Evoke: Wand              |       |       |     3 |     1 ||     4
  Use: Scroll            |       |    10 |     9 |     2 ||    21
       Potion            |       |     6 |     6 |       ||    12
 Stab: Sleeping          |    22 |    56 |    90 |    33 ||   201
       Distracted        |     1 |       |     2 |       ||     3
       Confused          |       |     6 |    11 |     3 ||    20
